Map: Ruins of Seras

Players

Gyolus

  • Race: Protoss Protoss
  • League: Silver

reaverdrop - Winner!

  • Race: Zerg Zerg
  • League: Silver

VOD

Have the link to the VOD?

Description

Silver Zerg playing lurkers against an immortal-stalker protoss

Time

  • Played on: March 6, 2016, 5:26 a.m.
  • Length: 14:14
Show
View Real Time Build Order
Export as new Build Order

Gyolus Protoss 

Build Orders:  

Get SALT Encoding   

  12  0:01  Probe (Chrono Boost)  
  13  0:12  Probe (Chrono Boost)  
  14  0:19  Pylon  
  14  0:26  Probe (Chrono Boost)  
  15  0:38  Gateway  
  15  0:41  Probe (Chrono Boost)  
  16  0:48  Assimilator  
  16  0:59  Assimilator, Probe (Chrono Boost)  
  17  1:10  Probe (Chrono Boost)  
  18  1:20  Probe (Chrono Boost), Gateway  
  19  1:32  Cybernetics Core  
  19  1:36  Probe (Chrono Boost)  
  20  1:45  Zealot  
  20  1:47  Probe (Chrono Boost)  
  23  2:14  Warp Gate (Chrono Boost)  
  23  2:29  Pylon  
  23  2:33  Pylon  
  23  2:46  Stalker  
  23  2:47  Probe, Sentry  
  28  2:59  Probe  
  28  3:04  Robotics Facility  
  29  3:07  Robotics Facility  
  29  3:11  Mothership Core  
  31  3:35  Gateway  
  31  3:37  Gateway  
  31  3:57  Observer (Chrono Boost)  
  36  4:04  Immortal (Chrono Boost)  
  36  4:14  Stalker  
  38  4:28  Pylon  
  38  4:29  Pylon  
  38  5:05  Stalker x2  
  40  5:15  Nexus  
  40  5:27  Pylon  
  40  5:29  Immortal (Chrono Boost)  
  44  5:41  Stalker  
  50  5:43  Immortal (Chrono Boost)  
  50  5:59  Stalker x2  
  54  6:20  Stalker x2  
  54  6:25  Stalker  
  60  6:27  Probe  
  61  6:38  Probe  
  62  6:48  Probe  
  63  6:59  Probe  
  40  7:56  Probe, Stalker x4  
  45  8:01  Immortal (Chrono Boost)  
  49  8:06  Probe  
  49  8:08  Immortal (Chrono Boost)  
  46  8:17  Probe  
  47  8:27  Probe  
  48  8:36  Stalker x4  
  48  8:37  Assimilator  
  48  8:38  Probe  
  48  8:40  Assimilator  
  57  8:46  Immortal (Chrono Boost)  
  61  8:49  Pylon  
  64  9:17  Immortal (Chrono Boost)  
  64  9:19  Probe  
  64  9:23  Stalker x3  
  71  9:30  Probe  
  72  9:41  Twilight Council  
  72  9:45  Pylon  
  72  9:47  Pylon  
  72  9:57  Observer (Chrono Boost)  
  73  10:14  Nexus  
  73  10:24  Stalker  
  73  10:25  Stalker x2  
  79  10:28  Stalker  
  85  10:47  Immortal (Chrono Boost)  
  85  10:51  Dark Shrine  
  85  11:08  Blink  
  85  11:23  Stalker  
  85  11:24  Stalker x3  
  93  11:52  Stalker x4  
  101  11:58  Probe  
  102  12:04  Pylon  
  102  12:08  Pylon  
  94  12:09  Probe  
  65  12:20  Stalker x2  
  65  12:21  Stalker  
  51  12:24  Stalker  
  44  12:46  Dark Templar  
  44  12:47  Dark Templar  
  44  12:49  Stalker x2  
  52  13:14  Dark Templar x2  
  56  13:23  Stalker  
  56  13:25  Stalker  
  60  13:37  Observer (Chrono Boost)  
  40  13:57  Dark Templar x2  
  40  13:58  Dark Templar x2  
Show
View Real Time Build Order
Export as new Build Order

reaverdrop Zerg - Winner!

Build Orders: Hatch First, Lurkers 

Get SALT Encoding   

  12  0:01  Drone  
  13  0:12  Overlord  
  13  0:18  Drone  
  14  0:31  Drone x2  
  16  0:37  Drone  
  17  0:56  Hatchery  
  16  0:58  Drone  
  17  1:05  Drone  
  18  1:19  Spawning Pool  
  18  1:22  Drone x2  
  19  1:29  Overlord  
  19  1:46  Extractor  
  18  2:16  Spine Crawler  
  18  2:19  Drone x2  
  18  2:20  Zergling x2  
  18  2:21  Zergling x2  
  21  2:31  Queen x2  
  25  2:41  Drone x4  
  29  2:55  Hatchery  
  28  3:02  Drone x3  
  31  3:06  Metabolic Boost  
  31  3:09  Overlord  
  31  3:20  Drone x3  
  34  3:45  Drone x7  
  41  3:50  Extractor  
  40  3:56  Drone  
  40  3:59  Drone x3  
  40  4:00  Overlord  
  44  4:13  Queen  
  44  4:15  Lair  
  46  4:22  Zergling x2  
  46  4:23  Zergling x4  
  49  4:49  Extractor  
  47  4:53  Extractor  
  47  4:56  Drone x3  
  47  4:58  Overlord x3  
  49  5:15  Hatchery  
  49  5:19  Overseer  
  48  5:33  Hydralisk Den  
  48  5:35  Overlord x2  
  47  5:41  Drone x3  
  47  5:42  Drone  
  51  5:43  Evolution Chamber  
  51  5:44  Evolution Chamber  
  51  5:48  Queen  
  51  5:58  Roach Warren  
  51  5:59  Drone  
  51  6:00  Drone x4  
  51  6:01  Drone  
  56  6:08  Muscular Augments  
  56  6:10  Hydralisk  
  56  6:11  Hydralisk  
  60  6:21  Zerg Missile Weapons Level 1  
  60  6:22  Zerg Ground Armor Level 1  
  60  6:25  Hydralisk x2  
  60  6:26  Hydralisk x6  
  76  6:33  Zergling x4  
  78  6:41  Roach x2  
  75  7:13  Zergling x14  
  72  7:21  Roach x2  
  72  7:22  Roach x5  
  69  7:37  Roach x4  
  66  7:54  Roach x5  
  67  8:04  Roach x3  
  69  8:06  Glial Reconstitution  
  69  8:08  Overlord  
  67  8:16  Overseer  
  67  8:18  Hydralisk  
  67  8:19  Hydralisk x5  
  73  8:23  Lurker Den  
  79  8:41  Queen, Drone x5  
  86  8:49  Queen  
  86  8:52  Drone x2  
  90  9:10  Extractor  
  90  9:11  Extractor  
  90  9:12  Drone x5  
  93  9:33  Drone  
  93  9:34  Drone x2  
  93  9:35  Drone x3  
  99  9:40  Overlord x4  
  99  9:47  Hatchery  
  99  9:49  Hydralisk x4  
  106  10:08  Zerg Missile Weapons Level 2  
  106  10:09  Zerg Ground Armor Level 2  
  106  10:13  Ravager x3  
  106  10:14  Ravager  
  110  10:16  Lurker  
  110  10:18  Lurker  
  112  11:01  Lurker x2  
  112  11:02  Lurker x4  
  112  11:03  Lurker  
  119  11:06  Overlord x2  
  119  11:07  Overlord x2  
  118  11:24  Roach  
  118  11:25  Roach x8  
  136  11:27  Overlord x2  
  136  11:32  Zergling x30  
  151  12:01  Roach x15  
  149  12:20  Roach x5  
  149  12:21  Roach x3  
  160  12:41  Hydralisk  
  160  12:42  Hydralisk x7  
  176  13:07  Overlord x4  
  176  13:33  Zergling x28  
  176  13:34  Zergling x6  
  193  13:35  Hatchery  
  193  13:38  Hatchery  
Tags
 
Add a new tag
Caveats
  • Supply blocks, unpowered buildings, or Contaminate may cause inaccurate times.
  • Supply counts are checked every 10 seconds.